Map: Battle on the Boardwalk LE

Players

SamuraiFunn

  • Race: Protoss Protoss
  • League: Platinum
  • Spawn Location: 1:00

TempestFT - Winner!

  • Race: Protoss Protoss
  • League: Gold
  • Spawn Location: 11:00

VOD

Have the link to the VOD?

Description

Time

  • Played on: Nov. 26, 2017, 3:27 p.m.
  • Length: 3:09
Show
View Real Time Build Order
Export as new Build Order

SamuraiFunn Protoss 

Build Orders:  

Get SALT Encoding   

  12  0:01  Probe  
  13  0:13  Probe  
  14  0:19  Pylon  
  14  0:25  Probe  
  15  0:38  Probe (Chrono Boost)  
  15  0:42  Gateway  
  17  0:50  Probe (Chrono Boost)  
  18  0:57  Probe (Chrono Boost)  
  18  1:04  Probe  
  19  1:08  Assimilator  
  19  1:18  Gateway  
  19  1:21  Probe  
  20  1:36  Probe  
  21  1:42  Zealot (Chrono Boost)  
  23  2:04  Pylon  
  23  2:22  Probe  
  28  2:23  Zealot (Chrono Boost)  
  28  2:30  Zealot (Chrono Boost)  
  26  2:37  Pylon  
  26  2:40  Zealot  
  27  2:50  Cybernetics Core  
Show
View Real Time Build Order
Export as new Build Order

TempestFT Protoss - Winner!

Build Orders:  

Get SALT Encoding   

  12  0:02  Probe  
  13  0:14  Probe  
  14  0:26  Probe  
  15  0:37  Pylon  
  15  0:49  Assimilator  
  15  0:55  Probe  
  15  0:56  Gateway  
  16  1:07  Probe  
  17  1:14  Gateway  
  17  1:19  Probe  
  17  1:25  Gateway  
  18  1:29  Pylon  
  18  1:31  Probe  
  19  1:43  Probe  
  20  1:48  Zealot (Chrono Boost)  
  20  1:52  Cybernetics Core  
  24  2:15  Zealot (Chrono Boost)  
  28  2:16  Zealot (Chrono Boost)  
  28  2:20  Zealot (Chrono Boost)  
  26  2:32  Stalker  
  30  2:55  Pylon  
Tags
 
Add a new tag
Caveats
  • Supply blocks, unpowered buildings, or Contaminate may cause inaccurate times.
  • Supply counts are checked every 10 seconds.